AoeStats
← GABRIEL MOTTA

Arena

507842695Analyzed
2v2 RM · 12d ago on Sep 19, 2026· 82m 58s· 4 players
Game mode
Random Map
Map size
Medium (4 player)
Population
200
Speed
Normal
Resources
Standard
Victory
Conquest
Starting age
Dark Age
Ending age
Imperial Age
RankedLock teamsTeams togetherTeam positionsShared explorationLock speedFull tech treeHidden civsTurbo modeCheats
Victory
Defeat
🇨🇴 Vietnamese · Colombia
517
+14
🇨🇴 Lithuanians · Colombia
469
+16
🇨🇱 Teutons · Chile
504
-16
🇧🇷 Persians · Brazil
447
-14
GABRIEL MOTTA
5:13 Loom
13:53 Feudal Age
14:53 Double-Bit Axe
16:31 Wheelbarrow
15:42 Town Watch
17:00 Horse Collar
24:10 Castle Age
22:19 Fletching
22:30 Padded Archer Armor
22:40 Forging
22:40 Scale Barding Armor
28:24 Bow Saw
28:56 Coinage
28:30 Caravan
28:56 Elite Skirmisher
28:57 Crossbowman
30:18 Hand Cart
30:28 Stone Mining
31:20 Squires
30:40 Pikeman
32:09 Town Patrol
36:02 Ballistics
35:33 Heated Shot
35:34 Guard Tower
35:40 Murder Holes
37:09 Stone Shaft Mining
36:25 Gold Mining
37:25 Thumb Ring
37:42 Kamandaran
38:18 Masonry
38:45 Coinage
38:52 Heavy Plow
38:40 Gambesons
38:16 Man-at-Arms
39:22 Leather Archer Armor
39:33 Husbandry
40:17 Gold Shaft Mining
40:31 Chain Barding Armor
40:12 Scale Mail Armor
43:31 Imperial Age
42:37 Siphons
43:14 Halberdier
45:11 Ring Archer Armor
44:37 Bodkin Arrow
45:18 Iron Casting
44:59 Chain Mail Armor
45:20 Plate Barding Armor
45:52 Chemistry
45:23 Architecture
45:33 Banking
45:13 Guilds
45:11 Sappers
46:01 Conscription
48:45 Elite War Elephant
50:01 Hoardings
50:01 Cavalier
53:30 Savar
55:39 Plate Mail Armor
56:10 Blast Furnace
75:49 Two-Man Saw
Umbrylical
3:03 Loom
15:49 Feudal Age
18:28 Double-Bit Axe
19:19 Town Watch
26:15 Castle Age
24:46 Man-at-Arms
28:19 Wheelbarrow
31:21 Fortified Wall
31:31 Ballistics
30:53 Pikeman
31:34 Squires
31:19 Gambesons
35:30 Imperial Age
33:36 Horse Collar
36:39 Forging
36:29 Scale Mail Armor
38:06 Chemistry
37:06 Halberdier
38:16 Elite Skirmisher
40:03 Chain Mail Armor
40:23 Iron Casting
39:39 Fletching
39:49 Padded Archer Armor
43:19 Bow Saw
49:19 Blast Furnace
48:49 Plate Mail Armor
48:34 Leather Archer Armor
48:14 Bodkin Arrow
51:17 Hoardings
52:01 Cavalier
54:22 Ring Archer Armor
53:58 Scale Barding Armor
60:24 Masonry
60:20 Siege Engineers
67:39 Hand Cart
67:27 Town Patrol
67:29 Heavy Plow
67:57 Crenellations
70:56 Elite Teutonic Knight
76:51 Two-Man Saw
78:57 Chain Barding Armor
79:04 Arson
JxRawII
9:59 Loom
12:20 Feudal Age
12:29 Feudal Age
16:52 Castle Age
17:38 Forging
17:35 Scale Barding Armor
21:04 Wheelbarrow
20:19 Town Watch
22:33 Fletching
22:45 Padded Archer Armor
26:41 Hand Cart
26:17 Loom
27:22 Husbandry
27:33 Bloodlines
28:37 Bodkin Arrow
28:58 Leather Archer Armor
29:50 Crossbowman
29:51 Elite Skirmisher
30:40 Horse Collar
30:47 Double-Bit Axe
30:57 Gold Mining
30:58 Stone Mining
31:50 Chain Barding Armor
32:06 Iron Casting
32:23 Town Patrol
34:42 Ballistics
37:19 Imperial Age
37:32 Imperial Skirmisher
38:18 Thumb Ring
38:38 Bracer
39:09 Ring Archer Armor
41:19 Tower Shields
40:40 Elite Leitis
42:37 Conscription
42:08 Cavalier
45:12 Plate Barding Armor
46:21 Paladin
61:59 Light Cavalry
67:13 Chemistry
73:03 Winged Hussar
CrisaorAgu
1:01 Loom
12:10 Feudal Age
12:37 Horse Collar
13:36 Gold Mining
13:41 Double-Bit Axe
24:21 Castle Age
26:13 Heavy Plow
26:25 Bow Saw
28:34 Stone Mining
29:36 Padded Archer Armor
29:28 Fletching
29:42 Scale Mail Armor
29:54 Forging
33:44 Stone Shaft Mining
36:17 Imperial Age
34:10 Crossbowman
34:57 Thumb Ring
37:35 Leather Archer Armor
37:17 Bodkin Arrow
40:07 Arbalester
42:26 Onager
45:37 Two-Man Saw
45:20 Crop Rotation
44:33 Elite Skirmisher
45:41 Imperial Skirmisher
47:02 Ring Archer Armor
46:41 Bracer
56:24 Paper Money
59:53 Chemistry
59:16 Ballistics
Connection lost

Rejoining the realm…

Still unreachable

The connection could not be restored.

Session expired

The server has moved on; the page needs a fresh start.